AoeStats
← DirtyRat4578

Lombardia

510003646Analyzed
2v2 RM · 2d ago on Sep 29, 2026· 71m 2s· 4 players
Game mode
Random Map
Map size
Medium (4 player)
Population
200
Speed
Normal
Resources
Standard
Victory
Conquest
Starting age
Dark Age
Ending age
Imperial Age
RankedLock teamsTeams togetherTeam positionsShared explorationLock speedFull tech treeHidden civsTurbo modeCheats
Victory
Defeat
🇹🇼 Jurchens · Taiwan
1063
+17
🇹🇼 Byzantines · Taiwan
1053
+18
🇮🇳 Varangians · India
1109
-18
🇺🇸 Turks · United States
1076
-17
kuas6461
7:24 Loom
10:24 Feudal Age
15:25 Castle Age
14:02 Stone Mining
17:09 Horse Collar
21:45 Gold Mining
23:01 Fletching
25:31 Wheelbarrow
27:20 Heavy Plow
27:07 Double-Bit Axe
32:01 Imperial Age
30:14 Scale Barding Armor
30:10 Scale Mail Armor
30:23 Forging
31:12 Sanctity
32:26 Bow Saw
33:20 Gold Shaft Mining
33:04 Fervor
33:55 Block Printing
34:55 Chain Barding Armor
34:37 Husbandry
34:49 Bloodlines
35:29 Conscription
36:12 Iron Casting
36:16 Plate Barding Armor
36:12 Scale Mail Armor
36:47 Iron Casting
37:38 Hand Cart
38:16 Stone Shaft Mining
37:19 Elite Fire Lancer
40:05 Blast Furnace
39:20 Chain Mail Armor
39:08 Squires
39:37 Fortified Bastions
40:24 Thunderclap Bombs
42:29 Hoardings
42:12 Bodkin Arrow
42:25 Siege Engineers
42:44 Ballistics
41:56 Heavy Rocket Cart
43:02 Bracer
44:52 Padded Archer Armor
47:30 Treadmill Crane
49:31 Elite Iron Pagoda
55:19 Murder Holes
57:58 Light Cavalry
58:55 Leather Archer Armor
58:53 Hussar
YKun
5:13 Loom
11:03 Feudal Age
15:11 Castle Age
13:49 Scale Mail Armor
14:09 Forging
15:36 Double-Bit Axe
16:29 Wheelbarrow
17:20 Pikeman
20:33 Squires
21:13 Gambesons
26:34 Fletching
28:22 Fervor
28:33 Sanctity
28:32 Horse Collar
30:52 Hand Cart
31:24 Bow Saw
36:02 Imperial Age
33:37 Heavy Plow
33:29 Gold Mining
33:30 Stone Mining
34:41 Bodkin Arrow
35:01 Chain Mail Armor
35:22 Iron Casting
34:48 Padded Archer Armor
35:05 Arson
34:46 Elite Skirmisher
35:50 Thumb Ring
35:24 Man-at-Arms
36:27 Elite Varangian Guard
36:28 Long Swordsman
37:27 Crossbowman
37:31 Two-Handed Swordsman
38:38 Champion
40:11 Logistica
40:22 Conscription
40:16 Treadmill Crane
40:57 Ballistics
41:31 Plate Mail Armor
41:02 Bracer
41:17 Leather Archer Armor
41:08 Scale Barding Armor
40:55 Halberdier
42:35 Greek Fire
46:06 Chemistry
47:54 Leather Archer Armor
48:40 Bombard Tower
49:26 Crop Rotation
49:58 Two-Man Saw
49:34 Gold Shaft Mining
49:46 Hoardings
51:10 Murder Holes
54:19 Arbalester
56:51 Elite Cataphract
59:13 Stone Shaft Mining
58:59 Chain Barding Armor
59:10 Ring Archer Armor
58:06 Capped Ram
60:10 Caravan
63:08 Siege Ram
66:11 Plate Barding Armor
DirtyRat4578
7:10 Loom
10:21 Feudal Age
8:40 Loom
10:27 Feudal Age
18:08 Castle Age
18:19 Scale Barding Armor
24:59 Fletching
25:12 Padded Archer Armor
27:42 Wheelbarrow
26:56 Double-Bit Axe
28:04 Thumb Ring
29:19 Bow Saw
29:37 Horse Collar
31:22 Bodkin Arrow
31:42 Leather Archer Armor
31:44 Forging
31:56 Chain Barding Armor
33:27 Hand Cart
35:35 Iron Casting
36:08 Sipahi
40:31 Imperial Age
40:54 Bloodlines
40:44 Husbandry
45:34 Ballistics
46:55 Bracer
47:26 Ring Archer Armor
48:01 Two-Man Saw
46:55 Gold Mining
65:05 Plate Barding Armor
65:31 Blast Furnace
YELLOW
10:31 Feudal Age
14:27 Castle Age
13:42 Double-Bit Axe
16:14 Husbandry
16:51 Scale Barding Armor
18:13 Loom
22:30 Wheelbarrow
21:42 Town Watch
22:15 Bloodlines
22:07 Scale Mail Armor
22:10 Squires
22:59 Horse Collar
25:04 Chain Mail Armor
25:59 Forging
26:32 Heavy Plow
30:15 Hand Cart
33:08 Imperial Age
32:17 Arson
32:18 Gambesons
33:09 Iron Casting
33:12 Bow Saw
33:25 Elite Varangian Guard
34:38 Plate Mail Armor
35:24 Two-Man Saw
35:40 Ballistics
36:22 Blast Furnace
35:38 Gold Mining
35:41 Stone Mining
35:47 Treadmill Crane
37:36 Fletching
38:57 Masonry
39:24 Conscription
38:26 Gothikon
43:30 Architecture
43:06 Siege Engineers
49:34 Chemistry
51:08 Chain Barding Armor
52:36 Plate Barding Armor
51:26 Cavalier
57:34 Guilds
60:17 Bodkin Arrow
65:56 Caravan
66:20 Light Cavalry
68:34 Bracer
Connection lost

Rejoining the realm…

Still unreachable

The connection could not be restored.

Session expired

The server has moved on; the page needs a fresh start.